Map: World of Sleepers LE

Players

PitchBlack - Winner!

  • Race: Zerg Zerg
  • League: Diamond
  • Spawn Location: 1:00

Skitter

  • Race: Zerg Zerg
  • League: Diamond
  • Spawn Location: 7:00

VOD

Have the link to the VOD?

Description

Time

  • Played on: Sept. 2, 2019, 9:54 p.m.
  • Length: 5:34
Show
View Real Time Build Order
Export as new Build Order

PitchBlack Zerg - Winner!

Build Orders: Pool First, Zergling Baneling 

Get SALT Encoding   

  12  0:01  Drone  
  13  0:13  Overlord  
  13  0:16  Drone  
  14  0:31  Drone x2  
  14  0:35  Drone  
  17  0:45  Extractor  
  17  0:47  Spawning Pool  
  15  0:51  Drone  
  16  0:57  Drone  
  17  1:17  Hatchery  
  16  1:24  Drone  
  17  1:36  Zergling x2  
  17  1:37  Zergling x2  
  17  1:39  Zergling x2  
  20  1:47  Metabolic Boost  
  20  1:53  Queen  
  22  2:01  Overlord  
  22  2:14  Baneling Nest  
  22  2:15  Drone  
  22  2:27  Drone x2  
  24  2:39  Queen  
  24  2:43  Overlord  
  26  2:44  Zergling x2  
  26  2:47  Zergling x2  
  28  2:54  Zergling x4  
  28  2:58  Zergling x2  
  31  3:01  Baneling x2  
  31  3:02  Baneling  
  31  3:04  Baneling  
  31  3:06  Baneling  
  31  3:15  Zergling x6  
  31  3:19  Zergling x2  
  33  3:20  Baneling  
  33  3:27  Zergling x4  
  33  3:33  Baneling  
  34  3:37  Zergling x4  
  35  3:44  Zergling x6  
  35  3:48  Zergling x2  
  39  3:54  Baneling, Zergling x2  
  39  3:59  Baneling  
  38  4:09  Zergling x8  
  41  4:12  Baneling  
  41  4:13  Zergling x2  
  41  4:22  Zergling x2  
  39  4:28  Zergling x8  
  42  4:36  Zergling x2  
  42  4:37  Zergling x2  
  42  4:44  Zergling x4  
  42  4:58  Drone, Extractor  
  42  4:59  Roach Warren, Drone  
  41  5:02  Drone  
  39  5:13  Drone  
  40  5:14  Drone x2  
Show
View Real Time Build Order
Export as new Build Order

Skitter Zerg 

Build Orders: Hatch First 

Get SALT Encoding   

  12  0:00  Drone  
  13  0:12  Overlord  
  13  0:25  Drone  
  14  0:32  Drone x2  
  16  0:37  Drone  
  17  0:53  Hatchery  
  17  0:56  Drone  
  17  1:10  Spawning Pool  
  16  1:12  Drone  
  16  1:17  Drone  
  16  1:18  Extractor  
  17  1:21  Drone  
  18  1:30  Drone  
  19  1:52  Overlord  
  19  2:05  Queen x2  
  19  2:06  Zergling x6  
  26  2:12  Drone  
  27  2:16  Drone  
  28  2:29  Drone x2  
  30  2:34  Zergling x2  
  31  2:40  Zergling x2  
  33  2:58  Drone x3  
  33  2:59  Metabolic Boost  
  33  3:01  Lair  
  33  3:05  Roach Warren, Drone  
  32  3:20  Zergling x8  
  32  3:25  Spine Crawler  
  34  3:31  Zergling x6  
  34  3:32  Spine Crawler  
  32  3:44  Zergling x6  
  32  3:45  Roach x2  
  34  3:57  Roach  
  29  4:12  Roach x2  
  29  4:18  Roach  
  29  4:26  Queen  
  29  4:27  Zergling x4  
  29  4:28  Roach  
  29  4:35  Roach  
  29  4:43  Roach x2  
  27  5:14  Drone  
  27  5:15  Drone  
Tags
 
Add a new tag
Caveats
  • Supply blocks, unpowered buildings, or Contaminate may cause inaccurate times.
  • Supply counts are checked every 10 seconds.